 Dungeon Crawl Stone Soup version 0.32-a0-433-g08bcfe7efd (webtiles) character file.

Game seed: 4749439035205151000

270 Pooter the Chopper (level 6, -4/53 HPs)
             Began as a Minotaur Fighter on Feb 23, 2024.
             Succumbed to an orc wizard's poison
             ... on level 3 of the Dungeon.
             The game lasted 00:06:53 (1642 turns).

Pooter the Chopper (Minotaur Fighter)               Turns: 1642, Time: 00:06:54

Health: -4/53      AC:  6    Str: 21 (23) XL:     6   Next: 1%
Magic:  6/6        EV:  9    Int:  2 (5)  God:
Gold:   92         SH:  0    Dex:  8 (9)  Spells: 5/5 levels left

rFire   . . .        a - +0 war axe
rCold   . . .        c - +0 buckler
rNeg    . . .        g - +0 scale mail
rPois   .            (helmet restricted)
rElec   .            (no cloak)
rCorr   .            (no gloves)
SInv    .            (no boots)
Will    .....        (no amulet) Stlth
                     (no ring)
HPRegen 0.28/turn    (no ring)
MPRegen 0.10/turn

%: no passive effects
@: confused, lethally poisoned (-4 -> -27), attractive
A: horns 2, retaliatory headbutt
a: no special abilities


You were on level 3 of the Dungeon.
You visited 1 branch of the dungeon, and saw 3 of its levels.

You collected 92 gold pieces.

Inventory:

Hand Weapons
 a - a +0 war axe (weapon)
 b - a +0 sling
   (You found it on level 1 of the Dungeon)
 l - a +0 trident
   (You found it on level 1 of the Dungeon)
Missiles
 Q - 28 stones (quivered)
Armour
 c - a +0 buckler (worn)
 e - an orb of mayhem
   (You found it on level 1 of the Dungeon)
 g - a +0 scale mail (worn)
Wands
 f - a wand of flame (8)
   (You found it on level 2 of the Dungeon)
Scrolls
 i - a scroll of butterflies {unknown}
Potions
 d - a potion of might
 h - 2 potions of attraction {!q}
 j - a potion of lignification {unknown}


   Skills:
 + Level 4.5 Fighting
 * Level 4.6 Axes
 + Level 1.9 Throwing
 - Level 3.6 Armour
 + Level 1.7 Stealth
 - Level 3.6 Shields
 + Level 1.8 Invocations
 + Level 1.6 Evocations


You had 5 spell levels left.
You didn't know any spells.
Your spell library contained the following spells:

 Spells                   Type           Power      Damage    Failure   Level
 Scorch                   Fire           0%         2d5       97%         2
 Static Discharge         Conj/Air       0%         3-3/arc   97%         2
 Airstrike                Air            0%         2d(0-16)  100%        4
 Flame Wave               Conj/Fire      0%         2d4       100%        4
 Summon Lightning Spire   Summ/Air       0%         N/A       100%        4
 Summon Cactus Giant      Summ           0%         N/A       100%        6


Dungeon Overview and Level Annotations

Branches:
Dungeon (3/15) Zot: 16312

Altars:


Innate Abilities, Weirdness & Mutations

You have a pair of horns on your head.
You reflexively headbutt those who attack you in melee.


Message History

You closely miss the orc. Your headbutt misses the orc.
The orc throws a boomerang.
The boomerang barely misses you. The orc hits you with a +0 dagger.
You hit the orc but do no damage. The orc hits you but does no damage.
You slash the orc!
You kill the orc!
The orc throws a boomerang.
You block the boomerang.
You barely miss the orc. You barely miss the orc.
You hit the orc wizard but do no damage.
You barely miss the orc. You closely miss the orc. The orc barely misses you.
The orc hits you but does no damage.
You are poisoned.
The orc wizard hits you with a +1 dagger of venom.
The orc wizard barely misses you.
The orc hits you with a +1 hand axe of venom.
You are more poisoned.
The orc hits you with a +0 short sword.
You closely miss the orc wizard. You headbutt the orc wizard.
You hit the orc. x2
You feel extremely sick. The orc barely misses you.
The orc hits you with a +1 hand axe of venom.
You are more poisoned.
The orc wizard points at you and mumbles some strange words.
The puff of flame hits you.
You closely miss the orc wizard. You closely miss the orc. You hit the orc.
You kill the orc!
* * * LOW HITPOINT WARNING * * *
You feel extremely sick.
The orc wizard gestures at you while chanting.
You are confused.
The orc misses you.
It was a potion of attraction.
You feel attractive to monsters.
* * * LOW HITPOINT WARNING * * *
You feel very sick. The orc hits you but does no damage.
The orc wizard hits you with a +1 dagger of venom.
* * * LOW HITPOINT WARNING * * *
You are more poisoned.
* * * LOW HITPOINT WARNING * * *
You feel extremely sick. The orc hits you but does no damage.
The orc wizard casts a spell at you. The magic dart hits you.
* * * LOW HITPOINT WARNING * * *
It was a potion of degeneration.
There was something very wrong with that liquid.
You feel weakened.
You feel dopey.
You feel clumsy.
You die...

.....
#######.##......
.#...#. .. #..#......
..#... #.####.#......
.....###..#..........
#....###.#.###......
#..#..##...# #.##...
#.)#....### #..#...
##o......# ##.....
#.o@..†#.#### ####..
.......###.#†...# #.#
....#.......).#....#
#.. ...
#.###..........###..
.. ..
..###.#..##...... .
...##. #.........#.#
##.# #. ........ #..
#. ....###.. #.. ...#
......


You could see an orc wizard and an orc.

Vanquished Creatures
  Sigmund (D:2)
  Jessica (D:2)
  A gnoll (D:1)
  3 dart slugs
  2 ribbon worms (D:2)
  3 orcs (D:3)
  3 endoplasms
  4 giant cockroaches
  7 goblins
  6 hobgoblins
  8 jackals
  4 quokkas
  5 ball pythons
  A bat (D:1)
  3 frilled lizards (D:2)
  3 kobolds
  6 rats
61 creatures vanquished.

Notes
Turn   | Place    | Note
-------+----------+-------------------------------------------
     0 | D:1      | Pooter the Minotaur Fighter began the quest for the Orb.
     0 | D:1      | Reached XP level 1. HP: 19/19 MP: 0/0
    86 | D:1      | Reached XP level 2. HP: 27/27 MP: 1/1
   345 | D:1      | Reached XP level 3. HP: 33/33 MP: 2/2
   533 | D:2      | Noticed Jessica
   535 | D:2      | Killed Jessica
   536 | D:2      | Reached skill level 1 in Throwing
   536 | D:2      | Reached skill level 1 in Stealth
   536 | D:2      | Reached skill level 1 in Invocations
   675 | D:2      | Reached XP level 4. HP: 37/40 MP: 3/3
   825 | D:2      | Noticed Sigmund
   856 | D:2      | Killed Sigmund
   857 | D:2      | Reached skill level 1 in Evocations
   857 | D:2      | Reached XP level 5. HP: 20/47 MP: 3/5
  1626 | D:3      | Reached XP level 6. HP: 53/53 MP: 6/6
  1641 | D:3      | HP: 2/53 [orc wizard/magic dart (4)]
  1642 | D:3      | Succumbed to an orc wizard's poison

Illustrated notes

Levels and vault maps discovered:
D:1:      grunt_arrival_crossed_arrows, layout_basic, bh_walls_and_bars
D:2:      layout_basic, minmay_bisected, uniq_jessica, uniq_sigmund
D:3:      layout_rooms, hangedman_decor_riveting

Skill      XL: |  1  2  3  4 |
---------------+-------------+-----
Axes           | 3 4 |  4.6
Fighting       | 4 |  4.5
Throwing       | 1 |  1.9
Stealth        | 1 |  1.7
Invocations    | 1 |  1.8
Evocations     | 1 |  1.6
Armour         | |  3.6
Shields        | |  3.6

Action                     |  1- 3 |  4- 6 || total
---------------------------+-------+-------++-------
  Melee: War axe           |    44 |    57 ||   101
         Headbutt          |     6 |     4 ||    10
   Fire: Sling             |    18 |    14 ||    32
    Use: Potion            |       |     3 ||     3
 Armour: Scale mail        |    14 |    49 ||    63
  Dodge: Dodged            |    20 |    28 ||    48
  Block: Buckler           |    13 |    14 ||    27

Table legend: (Time is in decaauts)
 A = Elapsed time spent in this place.
 B = Non-inter-level travel time spent in this place.
 C = Inter-level travel time spent in this place.
 D = Time resting spent in this place.
 E = Time spent auto-exploring this place.
 F = Levels seen in this place.
 G = Mean time per level.
                   A        B        C        D        E       F      G
               +--------+--------+--------+--------+--------+-----+--------+
         Total |   1687 |   1650 |     37 |    113 |   1150 |   3 |  562.3 |
       Dungeon |   1687 |   1650 |     37 |    113 |   1150 |   3 |  562.3 |
               +--------+--------+--------+--------+--------+-----+--------+

Top non-repeatable levels by time:
     D:2: 1045 daAuts
     D:1: 551 daAuts
     D:3: 90 daAuts
